[Event "Titled Tuesday Blitz April 18 Early 2023"]
[White "Kosteniuk, Alexandra"]
[Black "Devaev, Alexander"]
[WhiteFideId "4128125"]
[BlackFideId "4169395"]
[WhiteElo "2453"]
[BlackElo "2204"]
[Result "1-0"]
[Round "11"]
[TimeControl "180+2"]
[Date "2023.04.18"]
[WhiteClock "0:00:44"]
[BlackClock "0:00:01"]

1. e4 c6 2. Nc3 d5 3. Nf3 Nf6 4. e5 Ne4 5. d4 Nxc3 6. bxc3 b6 7. Bd3 e6 8. O-O Be7 9. a4 Ba6 10. Re1 c5 11. Bb5+ Bxb5 12. axb5 a5 13. bxa6 Rxa6 14. Rb1 O-O 15. h4 Nc6 16. g3 Qa8 17. Kg2 cxd4 18. cxd4 Na5 19. Qd3 Nc4 20. Ng5 Bxg5 21. hxg5 Ra1 22. Rh1 g6 23. c3 Rxb1 24. Qxb1 Qc6 25. Qd3 Qc7 26. Qf3 Qe7 27. Qg4 Rc8 28. Qh3 h5 29. gxh6 Kh7 30. Qg4 Na5 31. Qf3 Nb3 32. Bg5 Qd7 33. Rb1 Na5 34. Rxb6 Nc4 35. Rb4 Rg8 36. Qd1 Rc8 37. Qb1 Rc7 38. Qa2 Ra7 39. Qb1 Qc7 40. Bf6 Qd7 41. Rb8 1-0


[Site "https://www.chess.com"]

[Event "Titled Tuesday Blitz April 18 Early 2023"]
[White "O`Gorman, Tom"]
[Black "b_6"]
[WhiteFideId "2508249"]
[WhiteElo "2271"]
[BlackElo "2491"]
[Result "1/2-1/2"]
[Round "11"]
[TimeControl "180+2"]
[Date "2023.04.18"]
[WhiteClock "0:00:51"]
[BlackClock "0:00:25"]

1. e4 e6 2. d4 d5 3. Bd3 dxe4 4. Bxe4 Nf6 5. Bf3 c5 6. Ne2 Nc6 7. Be3 Nd5 8. Bxd5 Qxd5 9. O-O cxd4 10. Nxd4 Bd7 11. Nc3 Qe5 12. Nf3 Qh5 13. a4 O-O-O 14. Nb5 Be8 15. Qe1 a6 16. Qc3 Bb4 17. Na7+ Kc7 18. Qc4 Qd5 19. Qxd5 Rxd5 20. Nxc6 Bxc6 21. Nd4 Be8 22. c3 Be7 23. Rfd1 Bf6 24. b3 Kc8 25. Rac1 Bxd4 26. Rxd4 Bc6 27. Rxd5 Bxd5 28. c4 Bc6 29. Rd1 Rd8 30. Rxd8+ Kxd8 31. a5 Kd7 32. f4 Be4 33. Bd4 f6 34. Kf2 Bc2 35. b4 Bd3 36. c5 Kc6 37. Ke3 Bf1 38. g4 Kb5 39. Bc3 Kc4 40. Be1 f5 41. g5 g6 42. h4 Bd3 43. Bd2 Be4 44. Be1 Bd5 45. Bd2 1/2-1/2


[Site "https://www.chess.com"]

[Event "Titled Tuesday Blitz April 18 Early 2023"]
[White "Mendez Fortes, Eduardo Jesus"]
[Black "Erzhanov, Arman"]
[WhiteFideId "3502376"]
[BlackFideId "4138821"]
[WhiteElo "2307"]
[BlackElo "2138"]
[Result "0-1"]
[Round "11"]
[TimeControl "180+2"]
[Date "2023.04.18"]
[WhiteClock "0:00:42"]
[BlackClock "0:01:09"]

1. e4 d6 2. d4 Nf6 3. Nc3 c6 4. f4 d5 5. e5 Ng8 6. Nf3 h5 7. Bd3 g6 8. Be3 Nh6 9. h3 Bf5 10. Bf2 e6 11. Bxf5 Nxf5 12. Qd3 h4 13. O-O-O Be7 14. Ne2 Nd7 15. g4 hxg3 16. Nxg3 Nxg3 17. Bxg3 Qa5 18. Kb1 c5 19. c3 c4 20. Qc2 b5 21. a3 Qb6 22. h4 a5 23. h5 gxh5 24. f5 exf5 25. Nh4 b4 26. Nxf5 bxa3 27. Nxe7 Kxe7 28. Bh4+ Ke8 29. e6 Nf8 30. exf7+ Kd7 31. Qf5+ Kc7 32. Rd2 Qg6 33. Qxg6 Nxg6 34. Bg3+ Kd7 35. bxa3 h4 36. Be5 Nxe5 37. dxe5 Ke6 38. Rf2 h3 39. Re1 h2 40. Rf6+ Ke7 41. Rff1 Ra6 42. Rf2 h1=Q 43. Rxh1 Rxh1+ 44. Kc2 Ra8 45. Kd2 Rf8 46. Ke3 Rxf7 47. Rb2 Rh3+ 48. Kd4 Rd3+ 49. Kc5 Ke6 50. Re2 Rxc3 51. a4 Rb3 52. Kc6 c3 53. Rc2 d4 54. Rh2 d3 55. Kc5 c2 56. Rh1 d2 57. Kc4 c1=Q+ 58. Kd4 d1=Q+ 59. Ke4 Qe3# 0-1


[Site "https://www.chess.com"]

[Event "Titled Tuesday Blitz April 18 Early 2023"]
[White "Baches Garcia, Guillermo"]
[Black "Brunner, Nicolas"]
[WhiteFideId "2209764"]
[BlackFideId "620246"]
[WhiteElo "2476"]
[BlackElo "2327"]
[Result "1/2-1/2"]
[Round "11"]
[TimeControl "180+2"]
[Date "2023.04.18"]
[WhiteClock "0:02:53"]
[BlackClock "0:02:44"]

1. e4 e5 2. Nf3 Nf6 3. Nc3 Nc6 4. d4 exd4 5. Nxd4 Bb4 6. Nxc6 bxc6 7. Bd3 d5 8. Bd2 O-O 9. O-O Bxc3 10. Bxc3 dxe4 11. Bxf6 Qxf6 12. Bxe4 Qxb2 13. Bxc6 Rb8 14. Rb1 Qxb1 15. Qxb1 Rxb1 16. Rxb1 Rd8 17. Bf3 1/2-1/2


[Site "https://www.chess.com"]

[Event "Titled Tuesday Blitz April 18 Early 2023"]
[White "Kim, Sergey"]
[Black "Jovic, Stanoje"]
[WhiteFideId "13700570"]
[BlackFideId "905020"]
[WhiteElo "2617"]
[BlackElo "2236"]
[Result "1-0"]
[Round "11"]
[TimeControl "180+2"]
[Date "2023.04.18"]
[WhiteClock "0:00:36"]
[BlackClock "0:00:01"]

1. d4 Nf6 2. c4 e6 3. Nc3 Bb4 4. Qc2 O-O 5. a3 Bxc3+ 6. Qxc3 b6 7. Nf3 Bb7 8. g3 c5 9. dxc5 bxc5 10. Bg2 d5 11. cxd5 Nxd5 12. Qxc5 Nd7 13. Qd4 Ba6 14. O-O Bxe2 15. Re1 Bxf3 16. Bxf3 N7f6 17. Bd2 a5 18. Rac1 Rb8 19. Red1 Qb6 20. Qxb6 Rxb6 21. Bxa5 Rxb2 22. Rb1 Rfb8 23. Rxb2 Rxb2 24. Ra1 g5 25. h3 h5 26. Be1 g4 27. hxg4 hxg4 28. Bg2 Kf8 29. a4 Ke8 30. a5 Rb8 31. a6 Kd7 32. Bf1 Nc7 33. Bc3 Nfd5 34. Be5 Ra8 35. Bd4 f5 36. a7 e5 37. Bxe5 Kc6 38. Bd4 Kb7 39. Rb1+ Kc6 40. Rb8 Kd6 41. Bg2 Ke6 42. Bb6 Kd7 43. Bxc7 Rxa7 44. Be5 Ra5 45. Rb1 1-0


[Site "https://www.chess.com"]

[Event "Titled Tuesday Blitz April 18 Early 2023"]
[White "Namitbir Singh Walia"]
[Black "Bodnaruk, Anastasia"]
[WhiteFideId "35071068"]
[BlackFideId "4181751"]
[WhiteElo "2239"]
[BlackElo "2310"]
[Result "0-1"]
[Round "11"]
[TimeControl "180+2"]
[Date "2023.04.18"]
[WhiteClock "0:00:02"]
[BlackClock "0:00:28"]

1. e4 c5 2. Nf3 d6 3. d4 cxd4 4. Nxd4 Nf6 5. f3 e5 6. Nb3 a5 7. Bb5+ Bd7 8. a4 h6 9. Nc3 Be7 10. Be3 O-O 11. Qd2 Nc6 12. g4 Nb4 13. h4 d5 14. exd5 Bxb5 15. axb5 Nfxd5 16. Nxd5 Nxd5 17. Bf2 a4 18. Nc5 Nf4 19. O-O-O Qc7 20. b6 Qc6 21. Qd7 Qxf3 22. Qxe7 Qxf2 23. Qxe5 a3 24. bxa3 Ra5 25. Rhf1 Ne2+ 26. Kd2 Rd8+ 27. Nd3 Qxf1 28. Qxa5 Qg2 29. Re1 Nd4+ 30. Kc3 Qxc2+ 0-1


[Site "https://www.chess.com"]

[Event "Titled Tuesday Blitz April 18 Early 2023"]
[White "Tasev, Dejan"]
[Black "Mazurkiewicz, Michal"]
[WhiteFideId "936618"]
[BlackFideId "1124943"]
[WhiteElo "2244"]
[BlackElo "2054"]
[Result "1-0"]
[Round "11"]
[TimeControl "180+2"]
[Date "2023.04.18"]
[WhiteClock "0:01:48"]
[BlackClock "0:00:02"]

1. e4 d6 2. d4 Nf6 3. Nc3 c6 4. Nge2 e5 5. h3 Be7 6. g4 O-O 7. Bg2 b5 8. a3 Nbd7 9. O-O a6 10. Be3 Nb6 11. b3 Nfd7 12. Qd2 Bb7 13. f4 Qc7 14. Rad1 Rad8 15. Qe1 a5 16. Qg3 b4 17. axb4 axb4 18. Nb1 c5 19. dxe5 dxe5 20. f5 Nf6 21. g5 Nxe4 22. Qg4 Nd5 23. Rxd5 Bxd5 24. Bxe4 Qb7 25. Ng3 1-0


[Site "https://www.chess.com"]

[Event "Titled Tuesday Blitz April 18 Early 2023"]
[White "Sousa, Andre Ventura"]
[Black "Fiorito, Francisco"]
[WhiteFideId "1917617"]
[BlackFideId "180165"]
[WhiteElo "2348"]
[BlackElo "2341"]
[Result "1-0"]
[Round "11"]
[TimeControl "180+2"]
[Date "2023.04.18"]
[WhiteClock "0:00:47"]
[BlackClock "0:01:44"]

1. e4 c5 2. Nf3 Nc6 3. d4 cxd4 4. Nxd4 g6 5. c4 Nf6 6. Nc3 d6 7. f3 Nxd4 8. Qxd4 Bg7 9. Be3 O-O 10. Qd2 a5 11. h4 h5 12. O-O-O a4 13. a3 Be6 14. Kb1 Qa5 15. Nd5 Bxd5 16. Qxa5 Rxa5 17. cxd5 Rc8 18. Be2 Nd7 19. Rc1 Nc5 20. Ka2 b6 21. Rc4 Rb8 22. Rhc1 b5 23. Rxc5 dxc5 24. Rxc5 Be5 25. Bd2 Bd6 26. Rc6 Ra7 27. f4 Rc7 28. e5 Rxc6 29. dxc6 Bc7 30. Bb4 Kf8 31. Kb1 Ke8 32. Kc2 Kd8 33. Kd3 Rb6 34. Bf3 f6 35. Kd4 Ra6 36. Be4 f5 37. Bd3 Rxc6 38. Bxb5 Rc2 39. g3 Rxb2 40. Bxa4 Rg2 41. Be1 Rg1 42. Bb4 Rxg3 43. Kd5 Rg4 44. Ke6 Rxh4 45. Bxe7+ Kc8 46. Bxh4 1-0


[Site "https://www.chess.com"]

[Event "Titled Tuesday Blitz April 18 Early 2023"]
[White "mrithyunjay"]
[Black "Yelisieiev, Yevhenii"]
[BlackFideId "14139642"]
[WhiteElo "2380"]
[BlackElo "2425"]
[Result "1-0"]
[Round "11"]
[TimeControl "180+2"]
[Date "2023.04.18"]
[WhiteClock "0:02:35"]
[BlackClock "0:00:17"]

1. e4 d6 2. d4 Nf6 3. e5 dxe5 4. dxe5 Qxd1+ 5. Kxd1 Ng4 6. Ke1 Nxe5 7. Bf4 Nbd7 8. Nc3 c6 9. Be2 Ng6 10. Bg3 f6 11. h4 e5 12. h5 Ne7 13. Nf3 Nf5 14. Rd1 Nxg3 15. fxg3 Nc5 16. Kf2 1-0


[Site "https://www.chess.com"]

[Event "Titled Tuesday Blitz April 18 Early 2023"]
[White "Delorme, Axel"]
[Black "Delorme, Alban"]
[WhiteFideId "632023"]
[BlackFideId "623636"]
[WhiteElo "2478"]
[BlackElo "2196"]
[Result "0-1"]
[Round "11"]
[TimeControl "180+2"]
[Date "2023.04.18"]
[WhiteClock "0:00:04"]
[BlackClock "0:00:30"]

1. e4 c5 2. Nf3 d6 3. Bb5+ Bd7 4. Bxd7+ Nxd7 5. O-O g6 6. c3 Bg7 7. d4 Ngf6 8. Re1 O-O 9. h3 cxd4 10. cxd4 d5 11. e5 Ne4 12. Nbd2 Nxd2 13. Bxd2 e6 14. Bg5 Qb6 15. Qd2 h6 16. Bxh6 Rfc8 17. Rac1 Bxh6 18. Rxc8+ Rxc8 19. Qxh6 Qxb2 20. Ng5 Nf8 21. Re3 Qxd4 22. Rf3 Rc1+ 23. Kh2 Qxe5+ 24. Rg3 Rc3 25. Nf3 Qf6 26. h4 e5 27. h5 e4 28. hxg6 Nxg6 29. Ng5 Rxg3 30. Kxg3 Qf4+ 31. Kh3 Qxf2 32. Qh7+ Kf8 33. Ne6+ fxe6 34. Qxg6 Qf5+ 35. Qxf5+ exf5 36. Kg3 Ke7 37. Kf4 Kf6 0-1


[Site "https://www.chess.com"]

[Event "Titled Tuesday Blitz April 18 Early 2023"]
[White "Chernov, Mikhail"]
[Black "Kozin, Yuri"]
[WhiteFideId "24143170"]
[BlackFideId "4129920"]
[WhiteElo "2113"]
[BlackElo "2616"]
[Result "0-1"]
[Round "11"]
[TimeControl "180+2"]
[Date "2023.04.18"]
[WhiteClock "0:01:37"]
[BlackClock "0:01:52"]

1. d4 d5 2. Nc3 e6 3. Bf4 Bd6 4. e3 Bxf4 5. exf4 Nf6 6. Nf3 b6 7. Bd3 O-O 8. O-O Ba6 9. Bxa6 Nxa6 10. Ne5 c5 11. Ne2 cxd4 12. Nxd4 Nd7 13. Re1 Nxe5 14. fxe5 Rc8 15. c3 Nc5 16. a4 a6 17. Qe2 Ra8 18. f3 Qd7 19. Qc2 Qc7 20. b4 Nd7 0-1


[Site "https://www.chess.com"]

[Event "Titled Tuesday Blitz April 18 Early 2023"]
[White "Ezat, Mohamed"]
[Black "Bettalli, Francesco"]
[WhiteFideId "10600906"]
[BlackFideId "2816453"]
[WhiteElo "2386"]
[BlackElo "2216"]
[Result "1-0"]
[Round "11"]
[TimeControl "180+2"]
[Date "2023.04.18"]
[WhiteClock "0:00:26"]
[BlackClock "0:02:38"]

1. d4 g6 2. c4 Bg7 3. e4 c5 4. d5 e5 5. Nc3 d6 6. Be2 Ne7 7. h4 O-O 8. h5 f5 9. hxg6 hxg6 10. Bg5 Qe8 11. Nf3 a6 12. Nh4 Bf6 13. Qd2 f4 14. Nf3 Bg4 15. Bxf6 Rxf6 16. Ng5 Bxe2 17. Qxe2 Qf8 18. Qg4 Qg7 19. O-O-O b5 20. Rh7 Qxh7 21. Nxh7 Kxh7 22. Rh1+ Kg7 23. Qh4 Nd7 24. Qh7+ Kf8 25. Qh8+ Ng8 26. Rh7 Rf7 27. Rxf7+ Kxf7 28. Qh7+ Kf6 29. Qxd7 Kg5 30. Qxd6 b4 31. Qxe5+ Kg4 32. Ne2 g5 33. f3+ Kh4 34. Qh8+ 1-0


[Site "https://www.chess.com"]

[Event "Titled Tuesday Blitz April 18 Early 2023"]
[White "Palczert, Matyas"]
[Black "Ibadov, Dashgyn"]
[WhiteFideId "784958"]
[BlackFideId "24107514"]
[WhiteElo "2224"]
[BlackElo "2208"]
[Result "1-0"]
[Round "11"]
[TimeControl "180+2"]
[Date "2023.04.18"]
[WhiteClock "0:00:45"]
[BlackClock "0:00:04"]

1. e4 e6 2. d4 d5 3. exd5 exd5 4. Nf3 Bd6 5. c4 Nf6 6. Nc3 O-O 7. cxd5 Nbd7 8. Bc4 Nb6 9. Bb3 Re8+ 10. Be3 Bf4 11. O-O Bxe3 12. fxe3 Rxe3 13. Ne5 Nbd7 14. Qd2 Rxe5 15. dxe5 Nxe5 16. Rae1 Ng6 17. d6 cxd6 18. Nd5 Nxd5 19. Bxd5 Be6 20. Bxe6 fxe6 21. Rxe6 Qb6+ 22. Kh1 Rd8 23. Qd5 Kh8 24. Qe4 Ne5 25. Re7 h6 26. Qxb7 Qxb7 27. Rxb7 a5 28. Rd1 d5 29. Rb5 Ng4 30. Rbxd5 Rc8 31. Rd8+ 1-0


[Site "https://www.chess.com"]

[Event "Titled Tuesday Blitz April 18 Early 2023"]
[White "Sreyas Payyappat"]
[Black "Golubev, Mikhail"]
[WhiteFideId "46674969"]
[BlackFideId "14100983"]
[WhiteElo "2083"]
[BlackElo "2374"]
[Result "1-0"]
[Round "11"]
[TimeControl "180+2"]
[Date "2023.04.18"]
[WhiteClock "0:00:09"]
[BlackClock "0:00:01"]

1. e4 c5 2. Nf3 d6 3. d4 Nf6 4. Nc3 cxd4 5. Nxd4 g6 6. f4 Nc6 7. Be3 Bg7 8. Be2 O-O 9. Qd3 Bg4 10. O-O Bxe2 11. Ncxe2 Ng4 12. Nxc6 bxc6 13. Bd4 e5 14. fxe5 Nxe5 15. Bxe5 Bxe5 16. Kh1 Bxb2 17. Rab1 Be5 18. Rb7 Rb8 19. Rxa7 Ra8 20. Rb7 Qh4 21. g3 Qh3 22. Kg1 Qe6 23. a3 Qa2 24. Rb3 Rab8 25. Qc4 Rxb3 26. Qxb3 Qxb3 27. cxb3 Ra8 28. a4 Kf8 29. Kf2 Ke7 30. Rb1 c5 31. Ke3 Kd7 32. Kd3 Kc6 33. Nc3 f5 34. exf5 gxf5 35. Nb5 d5 36. Rf1 c4+ 37. Kc2 cxb3+ 38. Kxb3 Rf8 39. Rf2 f4 40. gxf4 Rxf4 41. Rxf4 Bxf4 42. Nd4+ Kb6 43. Kc3 Be5 44. h4 1-0


[Site "https://www.chess.com"]

[Event "Titled Tuesday Blitz April 18 Early 2023"]
[White "Akylbek2021"]
[Black "djokovic74"]
[WhiteElo "2445"]
[BlackElo "2557"]
[Result "1-0"]
[Round "11"]
[TimeControl "180+2"]
[Date "2023.04.18"]
[WhiteClock "0:00:51"]
[BlackClock "0:00:05"]

1. e4 e6 2. d4 d5 3. e5 c5 4. c3 Nc6 5. Nf3 Qb6 6. Bd3 cxd4 7. O-O Bd7 8. Re1 Nge7 9. h4 h6 10. a3 dxc3 11. Nxc3 Nc8 12. b4 a6 13. h5 Be7 14. Bf4 Qd8 15. Qd2 Nb6 16. Rac1 Rc8 17. Ne2 Na7 18. Be3 Rxc1 19. Rxc1 Bb5 20. Nfd4 Bxd3 21. Qxd3 O-O 22. Nb3 Nb5 23. Na5 Nc4 24. Nxb7 Qc7 25. Na5 Qxe5 26. Nxc4 dxc4 27. Qxc4 Nxa3 28. Qxa6 Nb5 29. Ng3 Nc3 30. Qc4 Nd5 31. Bc5 Rc8 32. Qe4 Qxe4 33. Nxe4 Nxb4 34. Be3 Rxc1+ 35. Bxc1 Nd5 36. f3 Kf8 37. g4 Ke8 38. Bb2 f6 39. Kf2 Kf7 40. Nd2 f5 41. Nc4 Bc5+ 42. Kg3 Bd6+ 43. Nxd6+ Ke7 44. Nc4 f4+ 45. Kf2 Kf7 46. Be5 Ke7 47. Bxg7 Kf7 48. Bxh6 Kf6 49. Nd2 e5 50. Ne4+ Kf7 51. Bg5 Ne3 52. Bf6 Nc4 53. g5 Ke6 54. h6 Ne3 55. h7 Kf5 56. h8=Q Ng4+ 57. fxg4+ Kxg4 58. g6 f3 59. g7 Kf5 60. g8=Q Kxe4 61. Qh4+ Kd3 62. Qd5+ Kc2 63. Qhc4+ Kb1 64. Qdb5+ Ka1 65. Qca4# 1-0


[Site "https://www.chess.com"]

[Event "Titled Tuesday Blitz April 18 Early 2023"]
[White "Sargissyan, Sargis"]
[Black "Bruedigam, Martin"]
[WhiteFideId "13303210"]
[BlackFideId "24608033"]
[WhiteElo "2109"]
[BlackElo "2331"]
[Result "0-1"]
[Round "11"]
[TimeControl "180+2"]
[Date "2023.04.18"]
[WhiteClock "0:00:45"]
[BlackClock "0:00:17"]

1. e4 c6 2. Nf3 d5 3. Nc3 Bg4 4. h3 Bxf3 5. Qxf3 e6 6. Be2 Nd7 7. O-O Bc5 8. Rd1 Bd4 9. Qf4 g5 10. Qf3 h5 11. d3 g4 12. hxg4 hxg4 13. Qxg4 Ngf6 14. Qg3 Qb6 15. Be3 Bxe3 16. fxe3 O-O-O 17. exd5 Rdg8 18. Qf2 cxd5 19. d4 Qxb2 20. Nb5 Qb4 21. Qf4 e5 22. dxe5 Qxf4 23. exf4 Ne4 24. Rxd5 Nb6 25. Nd6+ Kb8 26. Rd4 Ng3 27. Bf3 Rh1+ 28. Kf2 Rxa1 29. Nxb7 Rxa2 30. Rd2 Nc4 31. Rd7 Rxc2+ 32. Ke1 Rc1+ 33. Bd1 Ne3 34. Na5 Rxd1+ 35. Rxd1 Nxd1 0-1


[Site "https://www.chess.com"]

[Event "Titled Tuesday Blitz April 18 Early 2023"]
[White "Jimenez Jimenez, Leandro"]
[Black "Tomaszewski, Kacper"]
[WhiteFideId "6415253"]
[BlackFideId "1127373"]
[WhiteElo "2263"]
[BlackElo "2211"]
[Result "1-0"]
[Round "11"]
[TimeControl "180+2"]
[Date "2023.04.18"]
[WhiteClock "0:00:05"]
[BlackClock "0:00:06"]

1. d4 Nf6 2. c4 g6 3. g3 Bg7 4. Bg2 O-O 5. Nc3 c5 6. dxc5 Na6 7. Be3 Ng4 8. Bd2 Nxc5 9. Nf3 Qb6 10. O-O Qxb2 11. Rb1 Bxc3 12. Rxb2 Bxb2 13. Bb4 d6 14. h3 Ne5 15. Qb1 Nxf3+ 16. Bxf3 Bg7 17. Kg2 Rb8 18. Qc1 Be6 19. Rd1 b6 20. Bd5 Rfc8 21. Qe3 Bf6 22. Bc3 Bxd5+ 23. cxd5 Bxc3 24. Qxc3 Nd7 25. Qe3 Kf8 26. h4 Nf6 27. Qh6+ Kg8 28. Qe3 Rc7 29. Rd3 Rbc8 30. f3 Kf8 31. g4 Kg7 32. h5 Rd8 33. Qd4 Kg8 34. h6 Ne8 35. Qf4 Rdc8 36. Re3 Rd8 37. Qg5 Nf6 38. Rxe7 Rxe7 39. Qxf6 Kf8 40. Qh8# 1-0


[Site "https://www.chess.com"]

[Event "Titled Tuesday Blitz April 18 Early 2023"]
[White "Gontcharov, Vladislav"]
[Black "Orujov2008"]
[WhiteFideId "4123492"]
[WhiteElo "2420"]
[BlackElo "2436"]
[Result "1-0"]
[Round "11"]
[TimeControl "180+2"]
[Date "2023.04.18"]
[WhiteClock "0:01:17"]
[BlackClock "0:00:11"]

1. d4 Nf6 2. c4 e6 3. Nc3 Bb4 4. e3 O-O 5. Bd3 d5 6. Nf3 dxc4 7. Bxc4 c5 8. O-O Nc6 9. a3 Bxc3 10. bxc3 Qc7 11. Qe2 b6 12. e4 e5 13. Bg5 cxd4 14. cxd4 Nxd4 15. Nxd4 exd4 16. Bxf6 gxf6 17. Bd5 Bb7 18. Rac1 Qe7 19. Qg4+ Kh8 20. Rfd1 Bxd5 21. exd5 Qe5 22. Rxd4 Rad8 23. Rcd1 Rd6 24. h3 Rfd8 25. Qf3 b5 26. g4 a5 27. Kg2 b4 28. axb4 axb4 29. Rxb4 Rxd5 30. Re4 Qg5 31. Rxd5 Rxd5 32. h4 Qxh4 33. Re8+ Kg7 34. Qxd5 Qxg4+ 35. Kf1 Qh3+ 36. Qg2+ 1-0


[Site "https://www.chess.com"]

[Event "Titled Tuesday Blitz April 18 Early 2023"]
[White "Begunov, Konstantin"]
[Black "Reprintsev, Alexander"]
[WhiteFideId "4118510"]
[BlackFideId "14100541"]
[WhiteElo "2087"]
[BlackElo "2211"]
[Result "1-0"]
[Round "11"]
[TimeControl "180+2"]
[Date "2023.04.18"]
[WhiteClock "0:00:45"]
[BlackClock "0:01:05"]

1. d4 d5 2. c4 e5 3. dxe5 d4 4. Nf3 Nc6 5. g3 Nge7 6. Bg2 Ng6 7. O-O Ngxe5 8. b3 Nxf3+ 9. exf3 Be7 10. Bb2 O-O 11. Nd2 g6 12. f4 Bf6 13. Bd5 Be6 14. Ne4 Bg7 15. Bxe6 fxe6 16. Nc5 Qe7 17. Nd3 Rad8 18. Re1 g5 19. a4 Qf7 20. fxg5 e5 21. Ba3 Rfe8 22. Re4 Qf5 23. Qe2 Qxg5 24. Re1 a5 25. f4 Qg6 26. fxe5 Bh6 27. Rg4 Bg5 28. h4 h6 29. hxg5 h5 30. Rh4 Qxg5 31. Qxh5 Qxg3+ 32. Kh1 1-0


[Site "https://www.chess.com"]

[Event "Titled Tuesday Blitz April 18 Early 2023"]
[White "Koutsin, Sergey"]
[Black "Saravana, Krishnan P."]
[WhiteFideId "14101483"]
[BlackFideId "5018382"]
[WhiteElo "2381"]
[BlackElo "2189"]
[Result "0-1"]
[Round "11"]
[TimeControl "180+2"]
[Date "2023.04.18"]
[WhiteClock "0:00:01"]
[BlackClock "0:01:03"]

1. d4 d5 2. c4 c6 3. cxd5 cxd5 4. Nf3 Nc6 5. Nc3 Nf6 6. Bf4 Ne4 7. Qb3 Nxc3 8. bxc3 e6 9. e3 Bd6 10. Bxd6 Qxd6 11. Bb5 O-O 12. O-O Na5 13. Qa4 b6 14. Nd2 a6 15. Bd3 Bd7 16. Qb4 Qc7 17. a4 Rfc8 18. Rfc1 Nc4 19. Nxc4 dxc4 20. Be4 Rab8 21. Rcb1 Bc6 22. Bxc6 Qxc6 23. Rb2 Rb7 24. Rab1 h5 25. f3 h4 26. e4 h3 27. g3 Qd7 28. Qa3 b5 29. axb5 axb5 30. Ra1 e5 31. d5 Rcb8 32. Qc5 Qd8 33. Rab1 Qf6 34. Qf2 Qd6 35. Qe2 g6 36. Qf1 Qc5+ 37. Qf2 Qc8 38. Qe3 Kg7 39. Ra1 b4 40. cxb4 Rxb4 41. Rxb4 Rxb4 42. Rc1 Qa6 43. Qc3 Qd6 44. Qe3 f6 45. Kh1 Rb3 46. Qe2 Qb4 47. Qc2 Rb2 48. Qd1 Rf2 49. d6 Qb2 50. Qg1 Rg2 0-1


[Site "https://www.chess.com"]

[Event "Titled Tuesday Blitz April 18 Early 2023"]
[White "Lehtosaari, Mauri"]
[Black "Pavlidou, Ekaterini"]
[WhiteFideId "501999"]
[BlackFideId "4213262"]
[WhiteElo "2507"]
[BlackElo "2126"]
[Result "1-0"]
[Round "11"]
[TimeControl "180+2"]
[Date "2023.04.18"]
[WhiteClock "0:00:29"]
[BlackClock "0:00:15"]

1. d4 Nf6 2. Nf3 e6 3. Bg5 h6 4. Bxf6 Qxf6 5. Nbd2 d5 6. c3 c5 7. e3 cxd4 8. cxd4 Nc6 9. Bb5 Bd7 10. Rc1 Bd6 11. a3 O-O 12. O-O a6 13. Ba4 b5 14. Bc2 Rac8 15. Nb3 e5 16. dxe5 Nxe5 17. Nbd4 Nc4 18. Qd3 g6 19. Rb1 Rfe8 20. Rfe1 Re4 21. h3 Rce8 22. Qd1 R4e7 23. Ne2 Bxh3 24. Qxd5 Be6 25. Qd4 Ne5 26. Qxd6 Nxf3+ 27. gxf3 Qxf3 28. Qg3 Qc6 29. Nd4 Qc8 30. Nxe6 Rxe6 31. Bb3 Re5 32. f4 R5e7 33. Qxg6+ Kf8 34. Qxh6+ Kg8 35. Re2 Re6 36. Rg2+ 1-0


[Site "https://www.chess.com"]

[Event "Titled Tuesday Blitz April 18 Early 2023"]
[White "Andersson, Bjorn 1971"]
[Black "Rodchenkov, Sergey D."]
[WhiteFideId "1702114"]
[BlackFideId "4168712"]
[WhiteElo "2176"]
[BlackElo "2277"]
[Result "1/2-1/2"]
[Round "11"]
[TimeControl "180+2"]
[Date "2023.04.18"]
[WhiteClock "0:00:54"]
[BlackClock "0:00:07"]

1. e4 c5 2. Nf3 d6 3. d4 cxd4 4. Nxd4 Nf6 5. Nc3 a6 6. Be2 e5 7. Nb3 Be7 8. O-O O-O 9. Kh1 Nbd7 10. a4 b6 11. f4 Bb7 12. Bf3 Rc8 13. f5 Rc4 14. Qe2 Qc8 15. Bg5 h6 16. Bh4 Re8 17. Rad1 Rc7 18. g4 Rxc3 19. bxc3 Nxe4 20. Bxe7 Nxc3 21. Bxb7 Qxb7+ 22. Qg2 Qxg2+ 23. Kxg2 Nxd1 24. Rxd1 Rxe7 25. Rxd6 Kf8 26. a5 bxa5 27. Rxa6 f6 28. Nxa5 Nc5 29. Ra8+ Kf7 30. Nc6 Rc7 31. Ra7 Rxa7 32. Nxa7 Ke7 33. Kf3 Kd6 34. Nb5+ Kc6 35. Nc3 Na6 36. h4 Nb4 37. Ne4 Nxc2 38. g5 Nd4+ 39. Kg4 h5+ 40. Kxh5 Kd5 41. Nxf6+ gxf6 42. gxf6 Nxf5 43. f7 Ng7+ 44. Kg6 Ne6 45. h5 e4 46. h6 e3 47. h7 Nf8+ 48. Kg7 Nxh7 49. Kxh7 e2 50. f8=Q e1=Q 51. Qf7+ Qe6 52. Qxe6+ Kxe6 1/2-1/2


[Site "https://www.chess.com"]

[Event "Titled Tuesday Blitz April 18 Early 2023"]
[White "Degenbaev, Aziz"]
[Black "Balint, Vilmos"]
[WhiteFideId "13802640"]
[BlackFideId "718050"]
[WhiteElo "2152"]
[BlackElo "2034"]
[Result "1-0"]
[Round "11"]
[TimeControl "180+2"]
[Date "2023.04.18"]
[WhiteClock "0:00:36"]
[BlackClock "0:00:29"]

1. e4 e6 2. d4 d5 3. Nc3 Bb4 4. e5 Ne7 5. Nf3 c5 6. a3 Bxc3+ 7. bxc3 Qa5 8. Bd2 Qa4 9. h4 Nbc6 10. Qb1 a6 11. Qb6 c4 12. Ra2 h6 13. Be2 Bd7 14. O-O Rb8 15. Kh2 Nc8 16. Qb1 b5 17. g4 Qa5 18. Ng1 Qd8 19. Kg3 f6 20. f4 Qe7 21. Qe1 Nb6 22. Bd1 h5 23. exf6 gxf6 24. g5 Nc8 25. f5 Nd6 26. gxf6 Qxf6 27. fxe6 Qg7+ 28. Kh2 Bc8 29. Bf4 Rg8 30. Bxh5+ Kd8 31. Qg3 Qh7 32. Bg5+ Kc7 33. Rf7+ 1-0


[Site "https://www.chess.com"]

[Event "Titled Tuesday Blitz April 18 Early 2023"]
[White "DeyanKostov"]
[Black "Ljukin, Sergei"]
[BlackFideId "14102200"]
[WhiteElo "2365"]
[BlackElo "2312"]
[Result "1-0"]
[Round "11"]
[TimeControl "180+2"]
[Date "2023.04.18"]
[WhiteClock "0:00:20"]
[BlackClock "0:00:03"]

1. d4 d5 2. c4 c6 3. Nf3 Nf6 4. e3 e6 5. Nc3 Nbd7 6. Be2 dxc4 7. Bxc4 b5 8. Be2 a6 9. O-O c5 10. dxc5 Bxc5 11. a3 Bb7 12. b4 Be7 13. Bb2 O-O 14. Qb3 Rc8 15. Rfd1 Qc7 16. a4 bxa4 17. Nxa4 Qc2 18. Qxc2 Rxc2 19. Bd3 Rcc8 20. Bd4 Bxb4 21. Rdb1 a5 22. Ne1 Bd5 23. Nc2 Be7 24. f3 e5 25. Bb2 e4 26. fxe4 Bxe4 27. Bxe4 Nxe4 28. Nd4 Bg5 29. Re1 Ne5 30. Nf3 Nd3 31. Nxg5 Nxg5 32. Red1 Nxb2 33. Nxb2 Rc5 34. Rd7 h6 35. Ra7 Rb8 36. Nd1 Rbb5 37. Nf2 Re5 38. e4 Rec5 39. Nd3 Rc3 40. Nf2 Rc2 41. h4 Ne6 42. R7xa5 Rbb2 43. Rf1 Nf4 44. Rf5 Nd3 45. Rf3 Ne5 46. Rf5 f6 47. Rf3 Re2 48. Rf4 Kh7 49. g3 h5 50. Kg2 Kh6 51. Kg1 Ng4 52. Rf3 Kg6 53. Rf4 Kf7 54. Rf3 Ke6 55. Rf5 g6 56. Rf3 Ke5 57. Rf4 Kd4 58. e5+ 1-0


[Site "https://www.chess.com"]

[Event "Titled Tuesday Blitz April 18 Early 2023"]
[White "Chernomordik, Pavel"]
[Black "Skaric, Djuro"]
[WhiteFideId "2804530"]
[BlackFideId "934569"]
[WhiteElo "2193"]
[BlackElo "2282"]
[Result "1-0"]
[Round "11"]
[TimeControl "180+2"]
[Date "2023.04.18"]
[WhiteClock "0:00:58"]
[BlackClock "0:01:00"]

1. e4 d6 2. d4 g6 3. Nc3 Bg7 4. f4 Nf6 5. Nf3 a6 6. Bd3 b5 7. e5 Ng4 8. Be4 c6 9. h3 d5 10. Bd3 Nh6 11. g4 Ng8 12. Be3 Nd7 13. f5 Nb6 14. Qd2 Qc7 15. O-O-O Bd7 16. Bf4 b4 17. Ne2 Qb7 18. Qxb4 a5 19. Qb3 a4 20. Qb4 Bf8 21. e6 fxe6 22. fxg6 e5 23. Bxe5 e6 24. Qc3 a3 25. b3 Rb8 26. Bxh8 Na4 27. bxa4 hxg6 28. Bxg6+ Ke7 29. Qc5+ 1-0


[Site "https://www.chess.com"]